 Dungeon Crawl Stone Soup version 0.32-a0-909-gc671339a80 (webtiles) character file.

Game seed: 18157389774748511238

357 gohu the Cleaver (level 6, -2/51 HPs)
             Began as a Mountain Dwarf Fighter on Apr 6, 2024.
             Was an Initiate of Qazlal.
             Slain by a black bear (6 damage)
             ... on level 5 of the Dungeon.
             The game lasted 00:09:03 (3524 turns).

gohu the Cleaver (Mountain Dwarf Fighter)           Turns: 3524, Time: 00:09:04

Health: -2/51      AC: 12    Str: 21    XL:     6   Next: 37%
Magic:  6/6        EV:  8    Int: 14    God:    Qazlal [......]
Gold:   71         SH:  4    Dex:  9    Spells: 5/5 levels left

rFire   . . .        a - +0 war axe
rCold   . . .        c - +0 buckler
rNeg    . . .        b - +0 scale mail
rPois   .            i - +2 helmet
rElec   .            (no cloak)
rCorr   .            h - +0 pair of gloves
SInv    .            m - +0 pair of boots
Will    .....        t - amulet of faith Stlth
                     k - +6 ring of intelligence
HPRegen 0.28/turn    (no ring)
MPRegen 0.10/turn

%: faith
@: no status effects
A: runic magic, artefact enchanting
a: Renounce Religion


You were on level 5 of the Dungeon.
You worshipped Qazlal.
Qazlal was noncommittal.
You visited 2 branches of the dungeon, and saw 6 of its levels.

You collected 167 gold pieces.
You spent 96 gold pieces at shops.

Inventory:

Hand Weapons
 a - a +0 war axe (weapon)
Missiles
 y - 3 boomerangs (quivered)
Armour
 b - a +0 scale mail (worn)
 c - a +0 buckler (worn)
 h - a +0 pair of gloves (worn)
 i - a +2 helmet (worn)
 m - a +0 pair of boots (worn)
Jewellery
 k - a +6 ring of intelligence (left hand)
 t - an amulet of faith (around neck)
Wands
 r - a wand of polymorph (10)
Scrolls
 g - 5 scrolls of teleportation {unknown}
 l - a scroll of blinking {unknown}
 n - a scroll of amnesia {unknown}
 p - 2 scrolls of identify {unknown}
 q - 2 scrolls of vulnerability {unknown}
 w - a scroll of immolation {unknown}
 z - a scroll of enchant armour {unknown}
Potions
 d - 2 potions of might
 e - 3 potions of lignification {unknown}
 f - 2 potions of degeneration {unknown}
 j - a potion of berserk rage {unknown}
 o - 4 potions of heal wounds
 s - a potion of cancellation {unknown}
 u - 2 potions of attraction {unknown}
 v - 2 potions of curing {unknown}
 x - a potion of haste {unknown}


   Skills:
 - Level 3.2 Fighting
 * Level 8.2 Axes
 - Level 3.2 Armour
 - Level 3.2 Shields


You had 5 spell levels left.
You didn't know any spells.
Your spell library contained the following spells:

 Spells                   Type           Power      Damage    Failure   Level
 Blink                    Tloc           0%         N/A       56%         2
 Lesser Beckoning         Tloc           0%         N/A       56%         2
 Momentum Strike          Conj/Tloc      0%         3d8       56%         2
 Fugue of the Fallen      Necr           0%         N/A       80%         3
 Ozocubu's Armour         Ice            0%         N/A       80%         3
 Teleport Other           Tloc           0%         N/A       80%         3
 Cause Fear               Hex            0%         N/A       99%         4
 Fireball                 Conj/Fire      0%         3d3       100%        5
 Dispersal                Tloc           0%         N/A       100%        6
 Gell's Gavotte           Tloc           0%         2d(11-16) 100%        6
 Manifold Assault         Tloc           0%         N/A       100%        7
 Dragon's Call            Summ           0%         N/A       100%        9


Dungeon Overview and Level Annotations

Branches:
Dungeon (5/15)             Temple (1/1) D:4

Altars:
Ashenzari
Cheibriados
Elyvilon
Fedhas
Gozag
Hepliaklqana
Kikubaaqudgha
Makhleb
Nemelex Xobeh
Okawaru
Qazlal
Ru
Sif Muna
Trog
Uskayaw
Vehumet
Wu Jian
Xom
Yredelemnul
Zin
The Shining One

Shops:
D:1 :   D:2 *   D:4 !*===


Innate Abilities, Weirdness & Mutations

Your spellcasting is much less encumbered by armour.
You can use scrolls of enchantment on lesser artefacts.


Message History

The black bear is severely wounded.
The black bear goes berserk!
The black bear bites you but does no damage.
The black bear claws you.
The black bear claws you but does no damage.
You are too injured to fight recklessly!
You are too injured to fight recklessly!
You are too injured to fight recklessly!
You are too injured to fight recklessly!
You are too injured to fight recklessly!
You barely miss the black bear.
The black bear is severely wounded.
The black bear bites you.
* * * LOW HITPOINT WARNING * * *
The black bear claws you but does no damage. x2
You hit the black bear.
The black bear is almost dead.
The black bear bites you but does no damage.
The black bear claws you but does no damage. x2
The black bear barely misses you. The black bear claws you.
* * * LOW HITPOINT WARNING * * *
The black bear claws you but does no damage.
You closely miss the black bear.
The black bear is almost dead.
You block the black bear's attack.
The black bear claws you but does no damage. x2
You block the black bear's attack.
The black bear claws you but does no damage. x2
You barely miss the black bear.
The black bear is almost dead.
The black bear barely misses you. The black bear claws you.
* * * LOW HITPOINT WARNING * * *
The black bear claws you but does no damage.
You barely miss the black bear.
The black bear is almost dead.
The black bear bites you.
* * * LOW HITPOINT WARNING * * *
The black bear claws you but does no damage. x2
The black bear bites you.
You die...

.....+.........+.. . .
..####.........##. .#.
.## ##...<.[.###. .....
## ##.....## #[###.#..# #
##<..## .....S... ##+##
#........ ###### .# #o#
## .....#####.#######†#
..##
####.#......##..@#.#.....
#.#.##...#..#.h...#
#.#.#.....##.#.#.#.#
#.#.##...##.⌠.###.⌠.#
#.....#.####.#.# #.##
###.#...#.#.#.#.# ##
#.##.#.♣.###.ß.#
#.##..#.#.# #.##
#.....####.# #.#


You could see a black bear (berserk).

Vanquished Creatures
  A water moccasin (D:5)
  An orc priest (D:4)
  A hound (D:5)
  An iguana (D:4)
  An orc wizard (D:4)
  4 adders
  4 dart slugs
  9 orcs
  7 ball pythons
  12 endoplasms
  A giant cockroach (D:4)
  11 goblins
  13 hobgoblins
  3 quokkas
  3 bats
  7 kobolds
  8 rats
87 creatures vanquished.

Notes
Turn   | Place    | Note
-------+----------+-------------------------------------------
     0 | D:1      | gohu the Mountain Dwarf Fighter began the quest for the
                  | Orb.
     0 | D:1      | Reached XP level 1. HP: 19/19 MP: 1/1
   115 | D:1      | Reached skill level 3 in Axes
   157 | D:1      | Found Jaihani's Book Emporium.
   181 | D:1      | Reached XP level 2. HP: 26/26 MP: 2/2
   354 | D:1      | You fall into a shaft and drop 1 floor!
   360 | D:2      | Found Dadwyd's Assorted Antiques.
   375 | D:2      | Reached skill level 4 in Axes
   474 | D:2      | Reached XP level 3. HP: 29/31 MP: 3/3
  1014 | D:1      | Reached skill level 5 in Axes
  1167 | D:2      | Reached XP level 4. HP: 33/38 MP: 4/4
  1946 | D:3      | Reached skill level 6 in Axes
  2077 | D:3      | Found a faded altar of an unknown god.
  2142 | D:3      | Found a glowing golden altar of the Shining One.
  2143 | D:3      | Found a white marble altar of Elyvilon.
  2144 | D:3      | Found a glowing silver altar of Zin.
  2457 | D:4      | Found Gabrurr's Distillery.
  2538 | D:2      | Bought a viscous emerald potion for 18 gold pieces
  2538 | D:2      | Bought an emerald potion for 18 gold pieces
  2610 | D:4      | Bought a potion of heal wounds for 60 gold pieces
  2611 | D:4      | Found Xairapt's Assorted Antiques.
  2660 | D:4      | Found a radiant altar of Vehumet.
  2672 | D:4      | Found a broken altar of Ashenzari.
  2675 | D:4      | Found a stormy altar of Qazlal.
  2677 | D:4      | Found a blossoming altar of Fedhas.
  2686 | D:4      | Found a hazy altar of Hepliaklqana.
  2698 | D:4      | Became a worshipper of Qazlal Stormbringer
  2744 | D:4      | Reached XP level 5. HP: 43/45 MP: 5/5
  2959 | D:4      | Found Etsiynid's Jewellery Shop.
  3046 | D:4      | Found Pyeh's Jewellery Shoppe.
  3053 | D:4      | Reached skill level 7 in Axes
  3195 | D:4      | Found Zitugor's Jewellery Shop.
  3298 | D:4      | Found a staircase to the Ecumenical Temple.
  3310 | Temple   | Entered the Ecumenical Temple
  3355 | D:5      | Entered Level 5 of the Dungeon
  3442 | D:5      | Noticed a water moccasin
  3454 | D:5      | Killed a water moccasin
  3455 | D:5      | Reached skill level 8 in Axes
  3455 | D:5      | Reached XP level 6. HP: 29/51 MP: 6/6
  3524 | D:5      | Slain by a black bear

Illustrated notes

Levels and vault maps discovered:
D:1:      sevenhm_arrival_forest_fort_small_5, layout_basic, serial_shops, shop,
          st_stairs_12
D:2:      layout_loops_ring, serial_shops, shop
D:3:      minmay_spotlight, layout_basic, good_gods_temple_1, serial_rivers,
          chequers_serial_rivers_micro_c, chequers_serial_rivers_small_3,
          chequers_serial_rivers_marsh, chequers_serial_rivers_marsh,
          chequers_serial_rivers_large_b, chequers_serial_rivers_micro_e,
          shapermc_ecumenical_altar_flowoftime
D:4:      layout_rooms, nicolae_overflow_hallway_of_the_gods,
          minmay_temple_entry_poolview, serial_shops, nicolae_diamond_shop,
          shop, shop, shop, nicolae_shop_tiny_glass, kennysheep_generic_room_13
D:5:      layout_loops_corners, grunt_decor_mini_mirrors,
          minmay_fractal_squares_5, uniq_crazy_yiuf_cottage
Temple:   nicolae_temple_god_jail

Skill      XL: |  1  2  3  4  5 |
---------------+----------------+-----
Axes           | 3 4 5 6 8 |  8.2
Fighting       | |  3.2
Armour         | |  3.2
Shields        | |  3.2

Action                     |  1- 3 |  4- 6 || total
---------------------------+-------+-------++-------
  Melee: War axe           |   126 |   157 ||   283
 Armour: Scale mail        |    82 |   148 ||   230
  Dodge: Dodged            |    53 |    57 ||   110
  Block: Buckler           |    24 |    24 ||    48

Table legend: (Time is in decaauts)
 A = Elapsed time spent in this place.
 B = Non-inter-level travel time spent in this place.
 C = Inter-level travel time spent in this place.
 D = Time resting spent in this place.
 E = Time spent auto-exploring this place.
 F = Levels seen in this place.
 G = Mean time per level.
                   A        B        C        D        E       F      G
               +--------+--------+--------+--------+--------+-----+--------+
         Total |   3642 |   3361 |    281 |    107 |   2492 |   6 |  607.0 |
       Dungeon |   3640 |   3359 |    281 |    107 |   2492 |   5 |  728.0 |
        Temple |      1 |      1 |      0 |      0 |      0 |   1 |    1.0 |
               +--------+--------+--------+--------+--------+-----+--------+

Top non-repeatable levels by time:
     D:3: 1029 daAuts
     D:2: 985 daAuts
     D:1: 785 daAuts
     D:4: 667 daAuts
     D:5: 172 daAuts
  Temple: 1 daAuts
